 Dungeon Crawl Stone Soup version 0.21.1-1-g345015fe64 (webtiles) character file.

189 Lorindel the Skirmisher (level 5, 0/82 HPs)
             Began as an Ogre Fighter on May 3, 2018.
             Slain by a gnoll
             ... wielding a +0 halberd
              (2 damage)
             ... on level 3 of the Dungeon.
             The game lasted 00:06:34 (2171 turns).

Lorindel the Skirmisher (Ogre Fighter)              Turns: 2171, Time: 00:06:35

Health: 0/82       AC: 22    Str: 25    XL:     5   Next: 68%
Magic:  9/9        EV:  1    Int: 15    God:
Gold:   155        SH:  9    Dex:  8    Spells: 9/9 levels left

rFire    . . .     SeeInvis .   a - +0 flail
rCold    . . .     Gourm    .   c - +0 shield
rNeg     + + +     Faith    .   (armour currently unavailable)
rPois    +         Spirit   .   (helmet currently unavailable)
rElec    .         Reflect  .   (cloak currently unavailable)
rCorr    .         Harm     .   (gloves unavailable)
MR       .....     NoTele   +   (boots unavailable)
Stlth    +.........             (no amulet)
HPRegen  0.23/turn              h - ring of wizardry
MPRegen  0.11/turn              (no ring)

@: mighty, brilliant, tree-form (expiring), hasted, very quick
A: large, unfitting armour
a: no special abilities


You were on level 3 of the Dungeon.
You were not hungry.
You were a tree.
You visited 1 branch of the dungeon, and saw 3 of its levels.

You collected 155 gold pieces.

Inventory:

Hand Weapons
 a - a +0 flail (weapon)
Armour
 b - a +0 robe (melded)
 c - a +0 shield (worn)
Jewellery
 h - a ring of wizardry (left branch)
Scrolls
 e - 3 scrolls of identify {unknown}
 g - a scroll of teleportation {unknown}
 j - a scroll of magic mapping {unknown}
 k - a scroll of remove curse {unknown}
 l - 2 scrolls of fear {unknown}
 n - a scroll of fog {unknown}
 q - a scroll of amnesia {unknown}
Potions
 d - a potion of might
 o - a potion of haste
Comestibles
 f - 3 rations
 p - 7 chunks of flesh


   Skills:
 + Level 4.8 Fighting
 + Level 2.4 Maces & Flails
 + Level 1.4 Armour
 + Level 3.2 Dodging
 + Level 3.2 Shields
 * Level 2.7 Spellcasting


You had 9 spell levels left.
You didn't know any spells.

Dungeon Overview and Level Annotations

Branches:
Dungeon (3/15)

Altars:
Wu Jian
The Shining One


Innate Abilities, Weirdness & Mutations

You are too large for most types of armour.
((You have tough skin. (AC +1)))


Message History

The gnoll hits you but does no damage.
The gnoll hits you from afar with a halberd.
* * * LOW HITPOINT WARNING * * *
The gnoll hits you from afar with a halberd.
* * * LOW HITPOINT WARNING * * *
The gnoll barely misses you. You block the gnoll's attack.
The gnoll hits you but does no damage.
Your transformation is almost over.
You block the gnoll's attack. You block the gnoll's attack.
The gnoll hits you from afar with a halberd.
* * * LOW HITPOINT WARNING * * *
You cannot move.
You cannot move.
You cannot move.
The gnoll hits you from afar with a halberd.
* * * LOW HITPOINT WARNING * * *
The gnoll hits you from afar with a halberd.
You die...

# .# ######## ..
.......####.#.#.#
##...>.♣).....#
###....####g#.#.#
..........## ...
####.......## .# #
##.#.#.#.##.#.#
#...#.##.....##.
###.............._
.....##.##........
##......<<...#####


You could see a gnoll.

Vanquished Creatures
  A centaur (D:2)
  2 gnolls (D:3)
  4 adders (D:2)
  An ooze (D:1)
  A worm (D:2)
  A dart slug (D:1)
  4 leopard geckos
  2 ball pythons
  A giant cockroach (D:2)
  4 goblins
  6 hobgoblins
  2 jackals (D:2)
  3 kobolds
  A quokka (D:2)
  2 bats (D:1)
  4 frilled lizards
  6 rats
45 creatures vanquished.

Notes
Turn   | Place    | Note
-------+----------+-------------------------------------------
     0 | D:1      | Lorindel the Ogre Fighter began the quest for the Orb.
     0 | D:1      | Reached XP level 1. HP: 24/24 MP: 1/1
    34 | D:1      | Reached XP level 2. HP: 21/32 MP: 2/2
   396 | D:1      | Reached skill level 1 in Spellcasting
   689 | D:1      | Reached XP level 3. HP: 30/39 MP: 4/4
  1019 | D:1      | Found a glowing golden altar of the Shining One.
  1313 | D:2      | Noticed a centaur
  1323 | D:2      | Killed a centaur
  1323 | D:2      | Reached skill level 1 in Armour
  1323 | D:2      | Reached XP level 4. HP: 21/49 MP: 4/7
  1323 | D:2      | Reached XP level 5. HP: 24/55 MP: 4/8
  2116 | D:3      | Found an ornate altar of the Wu Jian Council.
  2167 | D:3      | HP: 3/82 [gnoll/halberd (5)]
  2171 | D:3      | Slain by a gnoll

Skill      XL: |  1  2  3 |
---------------+----------+-----
Maces & Flails | 2 |  2.4
Spellcasting   | 1 2 |  2.7
Armour         | 1 |  1.4
Dodging        | 3 |  3.2
Shields        | 3 |  3.2
Fighting       | |  4.8

Action                   |  1- 3 |  4- 6 || total
-------------------------+-------+-------++-------
Melee: Flail             |   105 |    70 ||   175
  Use: Potion            |     1 |     4 ||     5
  Eat: Chunk             |     1 |     3 ||     4
Armor: Robe              |    33 |    17 ||    50
       Skin              |       |     7 ||     7
Dodge: Dodged            |    45 |    43 ||    88
Block: Shield            |    65 |    53 ||   118
